 Seeded DCSS version 0.31-a0-473-g61b50ae490 (webtiles) character file.

Game seed: 20230806 (custom seed)

69 Mickster the Chopper (level 4, 41/41 HPs)
             Began as a Hill Orc Berserker on Aug 6, 2023.
             Was a Believer of Trog.
             Quit the game on level 3 of the Dungeon.
             The game lasted 00:20:21 (1944 turns).

Mickster the Chopper (Hill Orc Berserker)           Turns: 1944, Time: 00:20:22

Health: 41/41      AC:  6    Str: 27    XL:     4   Next: 20%
Magic:  4/4        EV: 11    Int:  7    God:    Trog [**....]
Gold:   158        SH:  0    Dex: 10    Spells: 3/3 levels left

rFire   . . .        a - +0 hand axe
rCold   . . .        (no shield)
rNeg    . . .        g - +1 ring mail
rPois   +            (no helmet)
rElec   .            (no cloak)
rCorr   .            (no gloves)
SInv    .            (no boots)
Will    .....        (no amulet) Stlth
                     l - +6 ring of strength
HPRegen 0.26/turn    f - ring of poison resistance
MPRegen 0.09/turn

%: no passive effects
@: no status effects
A: no striking features
a: Renounce Religion, Berserk, Trog's Hand


You were on level 3 of the Dungeon.
You worshipped Trog.
Trog was pleased with you.
You visited 1 branch of the dungeon, and saw 3 of its levels.

You collected 158 gold pieces.

Inventory:

Hand Weapons
 a - a +0 hand axe (weapon)
Missiles
 d - 5 poisoned darts (quivered)
 h - 15 stones
 n - 2 javelins
Armour
 b - a +0 animal skin
 g - a +1 ring mail (worn)
Jewellery
 c - a +5 ring of evasion
 f - a ring of poison resistance (right hand)
 l - a +6 ring of strength (left hand)
Scrolls
 e - a scroll of teleportation
 i - a scroll of identify
 j - a scroll of noise {unknown}
 m - a scroll of vulnerability {unknown}
Potions
 k - 3 potions of ambrosia


   Skills:
 + Level 4.4 Fighting
 + Level 4.9 Axes
 + Level 2.5 Armour
 + Level 2.2 Dodging


You had 3 spell levels left.
You didn't know any spells.
Your spell library was empty.

Dungeon Overview and Level Annotations

Branches:
Dungeon (3/15)

Altars:

Shops:
D:2 =


Message History

The goblin wields a +0 dagger.
The goblin hits you but does no damage.
You don't know any spells.
You miss the adder. You miss the goblin. The adder misses you.
The adder closely misses you. The goblin hits you with a +0 dagger.
You barely miss the adder. You closely miss the goblin.
The adder closely misses you. The goblin hits you but does no damage.
You slash the adder!
The adder is heavily wounded.
You barely miss the goblin. The adder barely misses you.
The goblin hits you with a +0 dagger. The adder bites you but does no damage.
You miss the adder.
The adder is heavily wounded.
You barely miss the goblin. The adder closely misses you.
The goblin hits you but does no damage.
You hit the adder.
The adder is severely wounded.
You closely miss the goblin. The adder bites you. The goblin misses you.
You hit the adder.
You kill the adder!
Trog accepts your kill.
You barely miss the goblin. The goblin hits you with a +0 dagger.
The goblin closely misses you.
You see here an adder corpse.
You closely miss the goblin.
The goblin is severely wounded.
The goblin closely misses you.
You closely miss the goblin.
The goblin is severely wounded.
The goblin closely misses you.
You hit the goblin.
You kill the goblin!
Trog accepts your kill.
Things that are here:
a +0 dagger; a +0 sling; a goblin corpse You start resting.
HP restored.
You start waiting.
Done waiting.
Unknown command.
Are you sure you want to abandon this character and quit the game? (Confirm with "yes".)

#####.#.. ......... #.#.#
#####+###. #.#.†
#......... #.... #
#......... #...# #..
#........# #.#.#
#....#†)####+## #.#.#
#......@)....# #....
.......#<.....# ###.#
......##.####.#######.#.#
.#.... #.# #............
#...> #.############....
#... #.#.......#.......
#... #.#.#####.#.###...
#.#.# #.#.# #... #.#
#.#.###...


There were no monsters in sight!

Vanquished Creatures
  An adder (D:3)
  2 worms (D:2)
  6 bats
  3 endoplasms
  3 giant cockroaches (D:2)
  8 goblins
  3 hobgoblins
  3 jackals (D:1)
  5 kobolds
  5 ball pythons
  3 frilled lizards (D:2)
  7 rats
49 creatures vanquished.

Notes
Turn   | Place    | Note
-------+----------+-------------------------------------------
     0 | D:1      | Mickster the Hill Orc Berserker began the quest for the
                  | Orb.
     0 | D:1      | Reached XP level 1. HP: 19/19 MP: 1/1
   238 | D:1      | Reached XP level 2. HP: 27/27 MP: 2/2
   723 | D:2      | Reached XP level 3. HP: 33/33 MP: 3/3
   869 | D:2      | Reached ** piety under Trog
  1023 | D:2      | Found Musemnad's Jewellery Shop.
  1703 | D:3      | Reached XP level 4. HP: 41/41 MP: 4/4
  1944 | D:3      | Quit the game

Illustrated notes

Levels and vault maps discovered:
D:1:      ebering_trefoil_3fold, layout_basic, minmay_misc_feat_enclosed
D:2:      layout_basic, serial_glass, glass_columns_b, glass_columns_c,
          glass_columns_a, glass_columns_c, serial_shops,
          nicolae_shop_window_shopping, kennysheep_generic_room_4
D:3:      layout_basic

Skill      XL: |  1  2  3 |
---------------+----------+-----
Fighting       | 4 |  4.4
Dodging        | 2 |  2.2
Axes           | |  4.9
Armour         | |  2.5

Action                     |  1- 3 |  4- 6 || total
---------------------------+-------+-------++-------
  Melee: Hand axe          |   131 |    15 ||   146
         Punch             |     2 |       ||     2
 Invoke: Berserk           |     2 |       ||     2
    Use: Scroll            |     5 |       ||     5
 Armour: Animal skin       |     9 |       ||     9
         Ring mail         |    30 |     9 ||    39
  Dodge: Dodged            |   131 |    15 ||   146

Table legend: (Time is in decaauts)
 A = Elapsed time spent in this place.
 B = Non-inter-level travel time spent in this place.
 C = Inter-level travel time spent in this place.
 D = Time resting spent in this place.
 E = Time spent auto-exploring this place.
 F = Levels seen in this place.
 G = Mean time per level.
                   A        B        C        D        E       F      G
               +--------+--------+--------+--------+--------+-----+--------+
         Total |   1973 |   1933 |     40 |    270 |    346 |   3 |  657.7 |
       Dungeon |   1973 |   1933 |     40 |    270 |    346 |   3 |  657.7 |
               +--------+--------+--------+--------+--------+-----+--------+

Top non-repeatable levels by time:
     D:2: 907 daAuts
     D:1: 719 daAuts
     D:3: 346 daAuts
